 Dungeon Crawl Stone Soup version 0.22-a0-367-gb72a975 (webtiles) character file.

32 khargal the Skirmisher (level 3, 0/24 HPs)
             Began as a Gargoyle Fighter on Apr 22, 2018.
             Slain by Sigmund
             ... wielding a +0 scythe
              (5 damage)
             ... on level 2 of the Dungeon.
             The game lasted 00:02:45 (1109 turns).

khargal the Skirmisher (Gargoyle Fighter)           Turns: 1109, Time: 00:02:46

Health: 0/24       AC: 12    Str: 23    XL:     3   Next: 27%
Magic:  3/3        EV:  7    Int:  8    God:
Gold:   120        SH:  0    Dex:  9    Spells: 2/2 levels left

rFire    . . .     SeeInvis .   j - +0 whip
rCold    . . .     Gourm    .   c - +0 shield
rNeg     + . .     Faith    .   b - +0 scale mail
rPois    ∞         Spirit   .   i - +0 helmet
rElec    +         Reflect  .   (no cloak)
rCorr    .         Harm     .   l - +0 pair of gloves
MR       .....                  (no boots)
Stlth    ..........             (no amulet)
HPRegen  0.08/turn              n - +3 ring of strength
MPRegen  0.08/turn              (no ring)

@: confused
A: negative energy resistance 1, electricity resistance, unbreathing,
petrification resistance, rot immunity, AC +3
a: no special abilities


You were on level 2 of the Dungeon.
You were not hungry.

You visited 1 branch of the dungeon, and saw 2 of its levels.

You collected 120 gold pieces.

Inventory:

Hand Weapons
 a - a +0 flail
 j - a +0 whip (weapon)
Missiles
 m - 12 poisoned needles
Armour
 b - a +0 scale mail (worn)
 c - a +0 shield (worn)
 i - a +0 helmet (worn)
 l - a +0 pair of gloves (worn)
Jewellery
 n - a +3 ring of strength (left hand)
Scrolls
 g - a scroll of identify
Potions
 d - 2 potions of might
 e - a potion of curing
Comestibles
 f - 3 rations
 k - 6 chunks of flesh


   Skills:
 + Level 3.7 Fighting
 + Level 2.4 Maces & Flails
 + Level 3.6 Armour
 + Level 3.7 Shields


You had 2 spell levels left.
You didn't know any spells.

Dungeon Overview and Level Annotations

Branches:
Dungeon (2/15)

Altars:

Annotations:
D:2 Sigmund


Innate Abilities, Weirdness & Mutations

You are resistant to torment.
Your stone body is resilient. (AC +3)
You are immune to poison.
You resist negative energy. (rN+)
You are resistant to electric shocks. (rElec)
You can survive without breathing.
You are immune to petrification.
You are immune to rotting.


Message History

You bump into the rock wall.
Something hits you but does no damage.
You completely miss something. Something hits you!
You bump into the rock wall.
You're too confused to move!
You hear some strange, mumbled words.
You are more confused.
You barely miss something. Something hits you but does no damage.
You bump into the rock wall.
Something hits you but does no damage.
You closely miss something.
You're too confused to move!
Something hits you.
* * * LOW HITPOINT WARNING * * *
You bump into the rock wall.
Something hits you but does no damage.
You hit something. You completely miss something.
You hear some strange, mumbled words.
A puff of flame appears from out of thin air!
The puff of flame misses you. Something hits you but does no damage.
You're too confused to move!
You completely miss something. Something hits you.
You die...

####.#######.#
##....#.......#
....#.#.#####.#
##..#.#.#####.#
##....#.#.....#
##.####.###.###
##..........#
##..###.################
##..#...........@{(.....
##..#.#...###########...
##.)#.....#...#
#.........#.#.####
###.#.#...#......#
..#.#.#...#......#
..'.<............#
..#######........#
...[.......#.....###.


There were no monsters in sight!

Vanquished Creatures
  A worm (D:2)
  A leopard gecko (D:1)
  2 bats
  A giant cockroach (D:1)
  2 goblins (D:1)
  9 hobgoblins
  A quokka (D:2)
  A ball python (D:2)
  3 frilled lizards (D:1)
  2 kobolds (D:1)
  2 rats (D:1)
25 creatures vanquished.

Notes
Turn   | Place    | Note
-------+----------+-------------------------------------------
     0 | D:1      | khargal the Gargoyle Fighter began the quest for the Orb.
     0 | D:1      | Reached XP level 1. HP: 14/14 MP: 1/1
   212 | D:1      | Reached XP level 2. HP: 15/19 MP: 2/2
   878 | D:2      | Reached XP level 3. HP: 24/24 MP: 3/3
  1076 | D:2      | Noticed Sigmund
  1109 | D:2      | Slain by Sigmund

Vault maps used:
D:1:      minmay_arrival_split_and_join
D:2:      uniq_sigmund

Action                   || total
-------------------------++-------
Melee: Flail             ||    21
       Whip              ||    82
  Use: Scroll            ||     2
  Eat: Chunk             ||     1
Armor: Scale mail        ||    52
Dodge: Dodged            ||    21
Block: Shield            ||    30

Table legend:
 A = Spawn XP
 B = Non-spawn XP
 C = Spawn XP percentage of total XP
 D = Spawn monster count
 E = Non-spawn monster count
 F = Spawn count percentage of total count
 G = Total turns spent on level
                    A         B        C        D         E        F      G
               +---------+---------+-------+---------+---------+-------+---------
         Total |       0 |      47 |   0.0 |       0 |      25 |   0.0 |  1109
               +---------+---------+-------+---------+---------+-------+---------
           D:1 |       0 |      31 |   0.0 |       0 |      18 |   0.0 |   867
           D:2 |       0 |      16 |   0.0 |       0 |       7 |   0.0 |   242
               +---------+---------+-------+---------+---------+-------+---------
